 Dungeon Sprint DCSS version 0.19.0-19-g8c6edcc (webtiles) character file.

798 MaximumFunGaming the Cleaver (level 7, -13/75 HPs)
             Began as a Minotaur Berserker on Nov 13, 2016.
             Was an Elder of Trog.
             Mangled by a skeletal warrior
             ... wielding a +0 mace
              (18 damage)
             ... in the Dungeon (Sprint IX: "|||||||||||||||||||||||||||||").
             The game lasted 00:03:01 (434 turns).

MaximumFunGaming the Cleaver (Minotaur Berserker)    Turns: 434, Time: 00:03:01

Health: -13/75     AC: 12    Str: 23    XL:     7   Next: 58%
Magic:  6/6        EV: 14    Int:  7    God:    Trog [****..]
Gold:   0          SH:  0    Dex: 10    Spells: 0 memorised, 6 levels left

rFire  . . .     SeeInvis .     m - +2 scimitar (holy)
rCold  . . .     Gourm    .     p - +2 ring mail
rNeg   . . .     Faith    .     (no shield)
rPois  .         Spirit   .     (helmet restricted)
rElec  .         Reflect  .     (no cloak)
rCorr  .         Harm     .     o - +0 pair of gloves
MR     ++...     NoTele   +     n - +0 pair of boots
Stlth  +.........               (no amulet)
                                r - +2 ring of protection
                                q - +3 ring of intelligence

@: regenerating
A: retaliatory headbutt, horns 2
a: Berserk, Trog's Hand, Brothers in Arms, Burn Spellbooks, Renounce Religion


You were in the Dungeon.
You worshipped Trog.
Trog was greatly pleased with you.
You were not hungry.

You visited 1 branch

Inventory:

Hand Weapons
 a - a +0 hand axe
 m - a +2 scimitar of holy wrath (weapon)
Armour
 b - a +0 animal skin
 n - a +0 pair of boots (worn)
 o - a +0 pair of gloves (worn)
 p - a +2 ring mail (worn)
Jewellery
 q - a +3 ring of intelligence (left hand)
 r - a +2 ring of protection (right hand)
Wands
 l - a wand of iceblast (7/15)
Scrolls
 i - 2 scrolls of blinking
 k - 3 scrolls of remove curse
Potions
 d - 5 potions of curing
 e - 3 potions of heal wounds
 f - a potion of haste
 g - 4 potions of magic
 h - a potion of berserk rage
 j - a potion of invisibility
Comestibles
 c - a bread ration
 s - 7 chunks of flesh


   Skills:
 + Level 11.7 Fighting
 + Level 4.4 Long Blades
 + Level 12.6 Axes
 + Level 6.2 Armour
 + Level 7.3 Dodging
 + Level 1.1 Stealth


You had 6 spell levels left.
You didn't know any spells.

Dungeon Overview and Level Annotations

Branches:
Dungeon (1/1)

Altars:
Cheibriados
Dithmenos
Elyvilon
Fedhas
Gozag
Hepliaklqana
Kikubaaqudgha
Makhleb
Nemelex Xobeh
Okawaru
Qazlal
Ru
Sif Muna
Trog
Uskayaw
Vehumet
Xom
Yredelemnul
Zin
The Shining One
Beogh
Jiyva
Lugonu


Innate Abilities, Weirdness & Mutations

You reflexively headbutt those who attack you in melee.
You have a pair of horns on your head.


Message History

Your ogre's corpse disappears in a puff of smoke!
Your skin crawls.
You feel resistant to hostile enchantments.
You feel somewhat more hungry.
You hit the skeletal warrior but do no damage.
Your headbutt misses the skeletal warrior.
The skeletal warrior is severely damaged.
The skeletal warrior misses you. You furiously retaliate!
You headbutt the skeletal warrior, but do no damage.
You hit the skeletal warrior but do no damage.
The skeletal warrior is severely damaged.
The skeletal warrior hits you but does no damage.
You closely miss the skeletal warrior.
The skeletal warrior is severely damaged.
The skeletal warrior hits you with a mace!
* * * LOW HITPOINT WARNING * * *
You hit the skeletal warrior.
The skeletal warrior convulses.
The skeletal warrior is severely damaged.
The skeletal warrior hits you with a mace!!
You die...

▓.▓
▓.▓
▓.▓
▓H▓
▓T▓
▓F▓
▓J▓
▓z▓
▓@▓
▓.▓
▓.▓
▓.▓
▓.▓
▓÷▓
▓(▓
▓.▓
▓.▓


You could see a skeletal warrior, a slime creature, a manticore, a troll and a
bullfrog.

Vanquished Creatures
  A wraith (D)
  A wyvern (D)
  A yak (D)
  A centaur (D)
  A worker ant (D)
  3 adders (D)
  An adder zombie (D)
  A bat zombie (D)
  A giant cockroach (D)
  A hobgoblin (D)
  A kobold (D)
  A quokka (D)
  A ball python (D)
  A rat (D)
16 creatures vanquished.

Vanquished Creatures (collateral kills)
  A hill giant (D)
1 creature vanquished.

Grand Total: 17 creatures vanquished

Notes
Turn   | Place    | Note
-------+----------+-------------------------------------------
     0 | D        | MaximumFunGaming the Minotaur Berserker began the quest for the Orb.
     0 | D        | Reached XP level 1. HP: 19/19 MP: 0/0
     6 | D        | Reached skill level 4 in Axes
    11 | D        | Reached ** piety under Trog
    22 | D        | Noticed a centaur
    22 | D        | Noticed a worker ant
    29 | D        | Killed a worker ant
    29 | D        | Reached skill level 5 in Fighting
    29 | D        | Reached skill level 5 in Axes
    29 | D        | Reached XP level 2. HP: 22/29 MP: 1/1
    29 | D        | Reached XP level 3. HP: 28/36 MP: 2/2
    33 | D        | Killed a centaur
    33 | D        | Reached *** piety under Trog
    33 | D        | Reached skill level 8 in Axes
    33 | D        | Reached XP level 4. HP: 18/47 MP: 3/3
   328 | D        | Found a roughly hewn altar of Beogh.
   328 | D        | Found a snail-covered altar of Cheibriados.
   328 | D        | Found a shadowy altar of Dithmenos.
   328 | D        | Found a white marble altar of Elyvilon.
   328 | D        | Found a blossoming altar of Fedhas.
   328 | D        | Found an opulent altar of Gozag.
   329 | D        | Found a hazy altar of Hepliaklqana.
   330 | D        | Found a viscous altar of Jiyva.
   331 | D        | Found an ancient bone altar of Kikubaaqudgha.
   332 | D        | Found a corrupted altar of Lugonu.
   333 | D        | Found a burning altar of Makhleb.
   334 | D        | Found a sparkling altar of Nemelex Xobeh.
   335 | D        | Found an iron altar of Okawaru.
   336 | D        | Found a stormy altar of Qazlal.
   337 | D        | Found a sacrificial altar of Ru.
   338 | D        | Found a deep blue altar of Sif Muna.
   339 | D        | Found a bloodstained altar of Trog.
   340 | D        | Found a hide-covered altar of Uskayaw.
   341 | D        | Found a radiant altar of Vehumet.
   342 | D        | Found a shimmering altar of Xom.
   343 | D        | Found a basalt altar of Yredelemnul.
   344 | D        | Found a glowing silver altar of Zin.
   345 | D        | Found a glowing golden altar of the Shining One.
   397 | D        | Noticed a wraith
   397 | D        | Noticed a yak
   397 | D        | Noticed a wyvern
   400 | D        | Killed a wyvern
   400 | D        | Reached **** piety under Trog
   400 | D        | Reached skill level 1 in Long Blades
   400 | D        | Reached skill level 10 in Axes
   400 | D        | Reached skill level 5 in Armour
   400 | D        | Reached skill level 5 in Dodging
   400 | D        | Reached XP level 5. HP: 57/57 MP: 4/4
   400 | D        | Reached XP level 6. HP: 64/64 MP: 5/5
   406 | D        | Killed a yak
   406 | D        | Received a gift from Trog
   406 | D        | Reached skill level 10 in Fighting
   406 | D        | Reached skill level 11 in Axes
   409 | D        | Killed a wraith
   409 | D        | Reached skill level 1 in Stealth
   409 | D        | Reached XP level 7. HP: 58/74 MP: 6/6
   422 | D        | Noticed a manticore
   422 | D        | Noticed a troll
   422 | D        | Noticed a slime creature
   422 | D        | Noticed a skeletal warrior
   422 | D        | Noticed a hill giant
   426 | D        | Killed a hill giant
   426 | D        | Reached skill level 12 in Axes
   434 | D        | Mangled by a skeletal warrior

Skill      XL: |  1  2  3  4  5  6  7 |
---------------+----------------------+-----
Axes           | 5 8 10 11 12 | 12.6
Fighting       | 5 7 9 11 | 11.7
Armour         | 3 5 6 |  6.2
Dodging        | 3 4 5 6 7 |  7.3
Long Blades    | 1 3 4 |  4.4
Stealth        | 1 |  1.1

Action                   |  1- 3 |  4- 6 |  7- 9 || total
-------------------------+-------+-------+-------++-------
Melee: Hand axe          |    19 |     8 |       ||    27
       Headbutt          |     2 |     6 |       ||     8
       Scimitar          |       |    12 |     5 ||    17
Invok: Berserk           |     1 |       |       ||     1
       Trog's Hand       |       |       |     1 ||     1
       Brothers in Arms  |       |       |     1 ||     1
Armor: Animal skin       |     1 |     1 |       ||     2
       Ring mail         |       |     3 |     1 ||     4
Dodge: Dodged            |    10 |    12 |     1 ||    23
       Rpst.: Scimitar   |       |     3 |       ||     3
